 Dungeon Crawl Stone Soup version 0.24.0-13-gcf9b3192b9 (webtiles) character file.

Game seed: 17149344780497420504, levelgen mode: classic

100 EnegeticOcto the Sneak (level 4, -3/32 HPs)
             Began as an Octopode Hunter on Nov 5, 2019.
             Slain by an orc
             ... wielding a +0 hand axe
              (5 damage)
             ... on level 3 of the Dungeon.
             The game lasted 00:01:54 (2316 turns).

EnegeticOcto the Sneak (Octopode Hunter)            Turns: 2316, Time: 00:01:54

Health: -3/32      AC:  1    Str: 11    XL:     4   Next: 74%
Magic:  4/4        EV: 13    Int: 14    God:
Gold:   41         SH:  0    Dex: 12    Spells: 3/3 levels left

rFire    . . .     SeeInvis .   d - +1 short sword (venom)
rCold    . . .     Gourm    .   (no shield)
rNeg     . . .     Faith    .   (helmet restricted)
rPois    .         Spirit   .   (no amulet)
rElec    .         Reflect  .   f - ring of protection from magic
rCorr    .         Harm     .   (no ring)
MR       +....                  (no ring)
Stlth    ++++......             (no ring)
HPRegen  0.10/turn              (no ring)
MPRegen  0.09/turn              (no ring)
                                (no ring)
                                (no ring)

@: hasted, very quick
A: almost no armour, stealthy swim, amphibious, 8 rings, constrict 8, camouflage
1, gelatinous body 1
a: no special abilities


You were on level 3 of the Dungeon.
You were not hungry.

You visited 1 branch of the dungeon, and saw 3 of its levels.

You collected 41 gold pieces.

Inventory:

Hand Weapons
 a - a +0 short sword
 d - a +1 short sword of venom (weapon)
Missiles
 b - 6 javelins (quivered)
 c - 2 throwing nets {!f}
Jewellery
 f - a ring of protection from magic (left tentacle)
Scrolls
 g - a scroll of enchant weapon
 k - a scroll of noise {unknown}
 n - a scroll of blinking {unknown}
Potions
 h - a potion of flight
Comestibles
 e - 4 rations
 i - 2 chunks of flesh


   Skills:
 + Level 3.6 Fighting
 - Level 4.0 Throwing
 - Level 2.0 Dodging
 + Level 4.5 Stealth


You had 3 spell levels left.
You didn't know any spells.
Your spell library was empty.

Dungeon Overview and Level Annotations

Branches:
Dungeon (3/15)

Altars:


Innate Abilities, Weirdness & Mutations

You cannot wear most types of armour.
You are very stealthy in the water. (Stealth+)
You are amphibious.
You can wear up to eight rings at the same time.
You can use your tentacles to constrict eight enemies at once.
Your skin changes colour to match your surroundings (Stealth+).
Your rubbery body absorbs attacks. (AC +1, EV +1)


Message History

You constrict the ball python. The ball python barely misses you.
The ball python constricts you. The orc misses you. The ball python bites you.
The ball python constricts you.
You escape the ball python's grasp.
You release your grip on the ball python.
You kill the ball python!
You see here a kobold corpse.
You hit the orc but do no damage.
The orc is poisoned.
You grab the orc. You constrict the orc. The orc closely misses you.
You barely miss the orc. You squeeze the orc.
The orc is heavily wounded.
You constrict the orc. The orc hits you.
You are too injured to fight recklessly!
You are too injured to fight recklessly!
You are too injured to fight recklessly!
You are too injured to fight recklessly!
You are too injured to fight recklessly!
You hit the orc.
You kill the orc!
You see here a kobold corpse.
You see here a ball python corpse.
You butcher the ball python corpse.
i - 3 chunks of flesh You see here a ball python skeleton.
You see here a kobold corpse.
There is a stone staircase leading up here.
You climb upwards.
There is a stone staircase leading down here.
You start resting.
Eating one of 3 chunks of flesh.
You eat one of the 3 chunks of flesh.
This raw flesh tastes terrible.
HP restored.
You climb downwards.
You hear the sound of rushing water.
There is an entrance to a sewer on this level.
Hurry and find it before the portal rusts away!
You hear the slow rusting of a distant drain.
There is a stone staircase leading up here.
Unknown command.
You see here a kobold corpse.
Things that are here:
a +0 whip; an orc corpse You open the door.
There is an open door here.
A kobold comes into view.
The kobold shouts!
The kobold barely misses you.
You hit the kobold.
The kobold is poisoned.
Your grab misses the kobold. You squeeze the kobold.
You kill the kobold!
No target in view!
No target in view!
No target in view!
You see here 2 stones.
An adder comes into view. 2 river rats come into view.
The adder hisses angrily.
Found a scroll of enchant weapon.
A rat comes into view.
The adder bites you.
You hit the adder. You grab the adder.
The adder is heavily wounded.
You constrict the adder. The adder bites you. x2
You are poisoned.
The adder poisons you!
You release your grip on the adder.
You feel sick.
You feel sick.
You barely miss the adder. You grab the adder.
The adder is severely wounded.
You constrict the adder. The adder closely misses you. x2
You barely miss the adder.
The adder is severely wounded.
You constrict the adder.
You feel sick. The adder closely misses you.
You hit the adder.
The adder is poisoned.
You squeeze the adder.
You kill the adder!
You hit the river rat. Your grab misses the river rat.
The river rat is lightly wounded.
The river rat barely misses you. x2
You closely miss the river rat. Your grab misses the river rat.
You squeeze the river rat, but do no damage.
The river rat is lightly wounded.
You feel sick. The river rat bites you!
You are too injured to fight recklessly!
You are too injured to fight recklessly!
You feel sick.
You see here 2 stones.
You feel sick.
An orc comes into view. It is wielding a +0 hand axe.
There is an open door here.
An orc comes into view. It is wielding a +0 club.
You feel sick.
The orc shouts! x2
You hear the slow rusting of a distant drain.
An orc priest comes into view. It is wielding a +0 dagger.
You feel sick.
You are no longer poisoned.
The orc hits you with a +0 hand axe.
* * * LOW HITPOINT WARNING * * *
Really quaff
j - a potion of haste {@q4 !q}?
You feel yourself speed up. The river rat barely misses you.
The orc hits you with a +0 hand axe.
You die...

#...........,,*
#...........,,*
#..r........,,*
#..........#*,** *
#...o......#*,,***
*****#r..........*,,,,,
*,,,,+ro.........,,≈≈≈,
**,**#.o.........≈≈≈≈≈≈
*,,,+@.........≈≈≈≈≈≈≈
######)........≈≈≈≈≈≈≈≈
#.<..÷.÷.......≈≈≈≈,**≈
############..≈≈≈≈,,,,,
*..≈≈≈≈<,_,>
*,,≈≈≈≈,,,,*
*,,,≈≈≈≈,,,≈
***,≈≈≈≈≈≈≈≈ *,,≈≈≈≈≈≈≈


You could see an orc priest (wandering), 2 river rats, 2 orcs and a rat.

Vanquished Creatures
  4 adders
  An ooze (D:1)
  A worm (D:2)
  2 orcs (D:3)
  3 ball pythons
  3 giant cockroaches
  7 goblins
  10 hobgoblins
  2 jackals (D:2)
  8 kobolds
  3 bats
  3 frilled lizards
  8 rats
55 creatures vanquished.

Notes
Turn   | Place    | Note
-------+----------+-------------------------------------------
     0 | D:1      | EnegeticOcto the Octopode Hunter began the quest for the
                  | Orb.
     0 | D:1      | Reached XP level 1. HP: 14/14 MP: 1/1
   289 | D:1      | Reached XP level 2. HP: 20/20 MP: 2/2
   623 | D:1      | Reached XP level 3. HP: 21/25 MP: 3/3
  1344 | D:2      | Reached XP level 4. HP: 31/31 MP: 4/4
  2316 | D:3      | Slain by an orc

Levels and vault maps discovered:
D:1:      dpeg_arrival_pits, layout_rooms
D:2:      layout_loops_cross
D:3:      layout_basic, old_standard_altar, portal_sewer_entry_e,
          fedhas_ov_isle_minmay

Skill      XL: |  1  2  3  4 |
---------------+-------------+-----
Stealth        | 2 3 4 |  4.5
Fighting       | 3 |  3.6
Throwing       | |  4.0
Dodging        | |  2.0

Action                   |  1- 3 |  4- 6 || total
-------------------------+-------+-------++-------
Melee: Short sword       |    66 |    41 ||   107
       Constrict         |    18 |    12 ||    30
       Tentacles         |    14 |    11 ||    25
  Use: Scroll            |       |     4 ||     4
       Potion            |       |     1 ||     1
 Stab: Sleeping          |     9 |     2 ||    11
  Eat: Chunk             |     1 |     3 ||     4
Armor: Skin              |     2 |     1 ||     3
Dodge: Dodged            |    41 |    30 ||    71
